 Dungeon Crawl Stone Soup version 0.28-a0-199-g298df9dbad (webtiles) character file.

Game seed: 81190701541679110

21617 Rennog the Fighter (level 12, -7/102 HPs)
             Began as a Demonspawn Fighter on Aug 19, 2021.
             Was a High Priest of Trog.
             Mangled by Gastronok (21 damage)
             ... on level 1 of the Lair of Beasts.
             The game lasted 00:35:07 (17242 turns).

Rennog the Fighter (Demonspawn Fighter)            Turns: 17242, Time: 00:35:08

Health: -7/102     AC: 22    Str: 18    XL:     12   Next: 55%
Magic:  0/12       EV:  8    Int: 11    God:    Trog [*****.]
Gold:   990        SH:  8    Dex: 15    Spells: 11/11 levels left

rFire   . . .      SeeInvis .   a - +0 long sword
rCold   . . .      Faith    .   c - +0 kite shield
rNeg    . . .      Spirit   +   r - +0 plate armour
rPois   .          Reflect  .   o - +1 hat
rElec   .          Harm     .   H - +0 cloak
rCorr   .          Rampage  .   j - +0 pair of gloves
Will    +....                   (no boots)
Stlth   ..........              p - amulet of guardian spirit
HPRegen 0.27/turn               n - ring of willpower
MPRegen 0.26/turn               m - +4 ring of protection

@: on berserk cooldown, slowed, very slow
A: hooves 1, repulsion field 1, foul stench 2, magic regeneration
a: Renounce Religion, Berserk, Trog's Hand, Brothers in Arms


You were on level 1 of the Lair of Beasts.
You worshipped Trog.
Trog was extremely pleased with you.
You visited 2 branches of the dungeon, and saw 14 of its levels.
You also visited: Bailey.

You collected 1032 gold pieces.
You spent 42 gold pieces at shops.

Inventory:

Hand Weapons
 a - a +0 long sword (weapon)
 O - a +2 vorpal morningstar
Missiles
 u - 4 throwing nets
 x - 6 javelins (quivered)
Armour
 c - a +0 kite shield (worn)
 j - a +0 pair of gloves (worn)
 o - a +1 hat (worn)
 r - a +0 plate armour (worn)
 H - a +0 cloak (worn)
Jewellery
 m - a +4 ring of protection (right hand)
 n - a ring of willpower (left hand)
 p - an amulet of guardian spirit (around neck)
 F - a ring of positive energy
Wands
 v - a wand of digging (13)
 C - a wand of polymorph (7)
 G - a wand of paralysis (8)
 J - a wand of flame (3)
 L - a wand of acid (8)
 N - a wand of iceblast (19)
Scrolls
 k - 4 scrolls of fear
 l - a scroll of teleportation
 s - 2 scrolls of amnesia {unknown}
 t - a scroll of vulnerability {unknown}
 w - a scroll of magic mapping {unknown}
 y - a scroll of acquirement {unknown}
 A - 2 scrolls of enchant armour
 E - a scroll of summoning {unknown}
 M - 5 scrolls of identify
 P - 2 scrolls of immolation {unknown}
Potions
 b - a potion of invisibility {unknown}
 d - 2 potions of degeneration {unknown}
 e - 6 potions of attraction
 f - 2 potions of cancellation
 g - 2 potions of berserk rage
 h - 2 potions of heal wounds
 i - 5 potions of curing
 q - 3 potions of ambrosia {unknown}
 z - 2 potions of lignification {unknown}
 B - 3 potions of haste {unknown}
 D - 2 potions of flight
 I - a potion of might
 K - 2 potions of brilliance {unknown}


   Skills:
 + Level 11.8 Fighting
 + Level 10.8 Long Blades
 + Level 9.3 Armour
 + Level 8.8 Dodging
 - Level 2.6 Shields


You had 11 spell levels left.
You didn't know any spells.
Your spell library contained the following spells:

 Spells                   Type           Power      Damage    Failure   Level
 Stone Arrow              Conj/Erth      0%         3d7       100%        3
 Animate Armour           Summ/Erth      0%         N/A       100%        4
 Lehudib's Crystal Spear  Conj/Erth      0%         10d2      100%        8


Dungeon Overview and Level Annotations

Branches:
Dungeon (13/15)            Temple (0/1) D:6            Lair (1/6) D:11
    Orc (0/2) D:10         Bailey (visited)
 Vaults: D:13-14

Altars:
Ashenzari
Cheibriados
Fedhas
Qazlal
Trog
Uskayaw
Wu Jian
Xom
Zin

Shops:
D:4 =(   D:8 ==(?[   D:13 *

Annotations:
Lair:1 Gastronok


Innate Abilities, Weirdness & Mutations

You have large cloven feet.
You are surrounded by a mild repulsion field. (EV +2)
You sometimes emit foul miasma when damaged in melee.
You regenerate magic rapidly.


Message History

The rat closely misses you. The cane toad stings you.
You hit Gastronok but do no damage.
Gastronok is almost dead.
The bat hits you but does no damage. x3
The quokka twitches its whiskers.
The quokka bites you. The cane toad stings you!
The rat bites you but does no damage. You block Gastronok's attack.
The quokka barely misses you.
You riposte.
You barely miss the quokka. You kick the quokka.
The quokka is heavily wounded.
The cane toad stings you but does no damage.
You hit Gastronok but do no damage. You kick Gastronok.
Gastronok is almost dead.
You block the bat's attack. The bat hits you but does no damage.
The quokka bites you but does no damage.
The rat bites you but does no damage. The cane toad stings you.
The bat barely misses you.
Gastronok looks at you and mumbles some strange words.
You resist with significant effort. You block the quokka's attack.
The rat bites you but does no damage. The cane toad stings you!
* * * LOW HITPOINT WARNING * * *
You are poisoned.
The cane toad poisons you!
You feel better. You block the bat's attack. x2
The bat completely misses you. The quokka barely misses you.
You block the cane toad's attack. The rat closely misses you.
You riposte.
You hit the rat but do no damage. The bat hits you but does no damage.
Gastronok bites you!!
* * * LOW HITPOINT WARNING * * *
The quokka bites you but does no damage.
Your deep troll goes berserk!
You block the bat's attack. The bat hits you.
* * * LOW HITPOINT WARNING * * *
The cane toad barely misses you.
You riposte.
You closely miss the cane toad. The rat bites you but does no damage.
The quokka bites you but does no damage.
The bat hits you but does no damage. You block the cane toad's attack.
The bat hits you but does no damage. The rat barely misses you.
Gastronok bites you!!
You die...

...... #....## #.....
#....# #....# #....#
#bFw.# ## ### #r@..#
#P######.######rb..##.
#..............T.......
#.......................
#.......................
#.........###PP....#..##
#..<.....## ##.....####
.........# ##.....#
#........# #.....#


You could see Gastronok (very poisoned), a cane toad, a quokka (summoned), 2
bats, a rat (summoned, ally target) and a friendly deep troll (summoned,
berserk).

Vanquished Creatures
  A boulder beetle (D:13)
  A hydra (D:12)
  Erolcha (D:9)
  2 two-headed ogres (D:11)
  A centaur warrior (D:13)
  2 orc knights (Bailey)
  A deep elf pyromancer (D:11)
  3 ugly things
  2 manticores
  3 cyclopes
  Joseph (D:7)
  2 kobold demonologists (D:10)
  2 komodo dragons
  7 trolls
  5 slime creatures
  Prince Ribbit (D:5)
  A shadow (D:12)
  A vampire (D:8)
  A wyvern (D:8)
  A wraith (D:10)
  Eustachio (D:5)
  2 basilisks
  10 yaks
  5 vampire mosquitoes
  2 steam dragons (D:10)
  An acid dragon (D:11)
  A water moccasin (D:7)
  Duvessa (D:7)
  8 orc warriors
  2 ice beasts
  A sky beast (D:7)
  4 ogres
  2 necrophages (D:6)
  5 wolves (D:11)
  6 centaurs
  2 phantoms (D:5)
  6 kobold brigands
  A gnoll sergeant (D:9)
  A water moccasin zombie (D:5)
  Dowan (D:7)
  A bullfrog (D:7)
  3 scorpions
  2 water moccasin skeletons
  17 killer bees
  4 electric eels (D:11)
  4 howler monkeys
  A bullfrog zombie (D:5)
  3 hounds
  3 jellies
  A centaur zombie (D:9)
  Crazy Yiuf (D:4)
  3 orc priests
  4 iguanas
  2 bullfrog skeletons
  Ijyb (D:3)
  Jessica (D:2)
  Natasha (thrice) (D:2)
  4 orc wizards
  A killer bee zombie (D:6)
  2 hound skeletons (D:4)
  A howler monkey zombie (D:8)
  2 adders
  13 gnolls
  3 white imps (D:5)
  A worm (D:2)
  2 dart slugs
  32 orcs
  9 endoplasms
  10 giant cockroaches
  16 goblins
  10 hobgoblins
  2 jackals (D:5)
  A quokka (D:1)
  10 ball pythons
  A bat (D:1)
  2 frilled lizards
  38 kobolds
  2 rats
317 creatures vanquished.

Vanquished Creatures (others)
  An unseen horror (D:12)
1 creature vanquished.

Grand Total: 318 creatures vanquished

Notes
Turn   | Place    | Note
-------+----------+-------------------------------------------
     0 | D:1      | Rennog the Demonspawn Fighter began the quest for the Orb.
     0 | D:1      | Reached XP level 1. HP: 18/18 MP: 1/1
   204 | D:1      | Gained mutation: You are surrounded by a mild repulsion
                  | field. (EV +2) [demonic ancestry]
   204 | D:1      | Reached XP level 2. HP: 24/24 MP: 2/2
   450 | D:1      | Found a faded altar of an unknown god.
   493 | D:1      | Became a worshipper of Trog the Wrathful
   493 | D:1      | Reached * piety under Trog
   649 | D:1      | Reached XP level 3. HP: 29/29 MP: 3/3
  1346 | D:2      | Noticed Jessica
  1356 | D:2      | Killed Jessica
  1357 | D:2      | Reached skill level 4 in Fighting
  1562 | D:2      | Noticed Natasha
  1578 | D:2      | Killed Natasha
  1579 | D:2      | Gained mutation: You have large cloven feet. [demonic
                  | ancestry]
  1579 | D:2      | Reached XP level 4. HP: 37/37 MP: 4/4
  1791 | D:2      | Noticed Natasha
  2029 | D:2      | Killed Natasha
  2128 | D:2      | Noticed Natasha
  2135 | D:2      | Killed Natasha
  2136 | D:2      | Reached XP level 5. HP: 42/43 MP: 5/5
  2139 | D:2      | Reached ** piety under Trog
  2493 | D:3      | Noticed Ijyb
  2503 | D:3      | Killed Ijyb
  2504 | D:3      | Reached skill level 5 in Fighting
  2992 | D:4      | Found Irijuss's Antique Weapon Emporium.
  3130 | D:4      | Found Atwonk's Jewellery Shoppe.
  3184 | D:4      | Noticed an ogre
  3192 | D:4      | Killed an ogre
  3193 | D:4      | Reached XP level 6. HP: 32/51 MP: 6/6
  3811 | D:4      | Found a runed translucent door.
  3812 | D:4      | Noticed Crazy Yiuf
  3885 | D:4      | Noticed a yak
  3941 | D:5      | Entered Level 5 of the Dungeon
  3963 | D:5      | Reached *** piety under Trog
  4080 | D:5      | Reached skill level 5 in Long Blades
  4129 | D:5      | Reached skill level 6 in Fighting
  4129 | D:5      | Gained mutation: You may rarely emit foul miasma when
                  | damaged in melee. [demonic ancestry]
  4129 | D:5      | Reached XP level 7. HP: 58/58 MP: 7/7
  4325 | D:5      | Noticed Prince Ribbit
  4345 | D:5      | Killed Prince Ribbit
  4694 | D:5      | Reached skill level 7 in Fighting
  4752 | D:5      | Gained mutation: You sometimes emit foul miasma when
                  | damaged in melee. [demonic ancestry]
  4752 | D:5      | Reached XP level 8. HP: 35/67 MP: 6/8
  5125 | D:5      | Noticed Eustachio
  5133 | D:5      | Killed Eustachio
  5134 | D:5      | Reached skill level 1 in Dodging
  5813 | D:6      | Reached skill level 8 in Fighting
  5886 | D:6      | Reached **** piety under Trog
  5887 | D:6      | Found a staircase to the Ecumenical Temple.
  6588 | D:4      | Reached XP level 9. HP: 69/74 MP: 7/9
  6784 | D:4      | Killed Crazy Yiuf
  7204 | D:7      | Found a snail-covered altar of Cheibriados.
  7207 | D:7      | Found a broken altar of Ashenzari.
  7210 | D:7      | Found an ornate altar of the Wu Jian Council.
  7210 | D:7      | Noticed Joseph
  7225 | D:7      | Killed Joseph
  7226 | D:7      | Reached skill level 5 in Armour
  7246 | D:7      | Found a shimmering altar of Xom.
  7334 | D:7      | Noticed a troll
  7397 | D:7      | Killed a troll
  7398 | D:7      | Reached skill level 9 in Fighting
  7437 | D:7      | Noticed a cyan ugly thing
  7446 | D:7      | Killed a cyan ugly thing
  7447 | D:7      | Reached XP level 10. HP: 83/83 MP: 7/10
  7461 | D:7      | Noticed Duvessa
  7462 | D:7      | Noticed Dowan
  7483 | D:7      | Killed Duvessa
  7501 | D:7      | HP: 5/124 [Dowan/shard of ice (22)]
  7502 | D:7      | Killed Dowan
  7977 | D:7      | Reached skill level 5 in Dodging
  8569 | D:8      | Found Sel Viug's Antique Weapon Shoppe.
  8620 | D:8      | Found Roagef's Armour Boutique.
  8645 | D:8      | Found Awkeokewk's Magic Scroll Shop.
  9029 | D:8      | Found Saopheag's Jewellery Shop.
  9054 | D:8      | Found Vaitoot's Jewellery Emporium.
  9608 | D:8      | Bought a scroll of teleportation for 42 gold pieces
  9836 | D:9      | Noticed a cyclops
  9847 | D:9      | Killed a cyclops
 10043 | D:9      | Reached ***** piety under Trog
 10106 | D:9      | Noticed Erolcha
 10112 | D:9      | Killed Erolcha
 10527 | D:10     | Entered Level 10 of the Dungeon
 10561 | D:10     | Reached skill level 10 in Fighting
 10599 | D:10     | Noticed a soul eater
 10607 | D:10     | Noticed a soul eater
 10619 | D:10     | Noticed a sixfirhy
 10955 | D:10     | Noticed a smoke demon
 10962 | D:10     | Reached XP level 11. HP: 91/91 MP: 8/11
 11276 | D:10     | Found a hide-covered altar of Uskayaw.
 11279 | D:10     | Found a blossoming altar of Fedhas.
 11279 | D:10     | Found a stormy altar of Qazlal.
 11339 | D:10     | Found a staircase to the Orcish Mines.
 11961 | D:11     | Noticed a deep elf pyromancer
 11979 | D:11     | Killed a deep elf pyromancer
 12034 | D:11     | Noticed a five-headed hydra
 12548 | D:11     | Noticed a two-headed ogre
 12570 | D:11     | Killed a two-headed ogre
 12775 | D:11     | Noticed a two-headed ogre
 12788 | D:11     | Killed a two-headed ogre
 12988 | D:11     | Reached skill level 11 in Fighting
 13226 | D:12     | Noticed a brown ugly thing
 13238 | D:12     | Killed a brown ugly thing
 13239 | D:12     | Reached skill level 10 in Long Blades
 13491 | D:12     | Noticed a four-headed hydra
 13515 | D:12     | Killed a four-headed hydra
 13516 | D:12     | Gained mutation: You regenerate magic rapidly. [demonic
                  | ancestry]
 13516 | D:12     | Reached XP level 12. HP: 28/100 MP: 3/12
 13569 | D:12     | Found a flagged portal.
 13578 | Bailey   | Entered a bailey
 15280 | D:13     | Noticed a boulder beetle
 15296 | D:13     | Killed a boulder beetle
 15559 | D:13     | Noticed a centaur warrior
 15582 | D:13     | Killed a centaur warrior
 15607 | D:13     | Found Plog's Assorted Antiques.
 16067 | D:13     | Noticed a six-headed hydra
 16225 | D:11     | Found a staircase to the Lair.
 17206 | Lair:1   | Entered Level 1 of the Lair of Beasts
 17216 | Lair:1   | Noticed Gastronok
 17242 | Lair:1   | Mangled by Gastronok

Illustrated notes

Levels and vault maps discovered:
D:1:      zaba_arrival_water, layout_basic,
          hellmonk_ecumenical_altar_leap_of_faith, minmay_3d_cube
D:2:      layout_basic, minmay_tiny_reverse_x, uniq_jessica, uniq_natasha
D:3:      layout_basic, uniq_ijyb
D:4:      minmay_clustersquares, layout_basic, serial_shops,
          nicolae_diamond_shop, shop, uniq_crazy_yiuf_cottage
D:5:      layout_basic, uniq_prince_ribbit1, uniq_eustachio
D:6:      layout_loops_ring, temple_pool_b
D:7:      minmay_blocky_corners, layout_loops_cross,
          grunt_temple_overflow_cloverleaf, uniq_duvessa, uniq_joseph
D:8:      layout_rooms, serial_shops, shop, shop, shop,
          nicolae_inconvenience_store, kennysheep_mini
D:9:      layout_roguey, uniq_erolcha
D:10:     layout_basic, grunt_temple_overflow_open, nemelex_spade_bored_becter,
          hiddenorc1_lemuel
D:11:     layout_long_grid, erik_lair_island
D:12:     layout_roguey, enter_bailey_2
D:13:     layout_cross, grunt_vaults_entry_tiered, serial_shops, shop_fountains,
          nicolae_take_the_stairs, nicolae_shop_window_shopping, shop,
          nicolae_shop_crystal, uniq_frances
Lair:1:   layout_small_grid, uniq_gastronok, uniq_maggie

Skill      XL: |  1  2  3  4  5  6  7  8  9 10 11 12 |
---------------+-------------------------------------+-----
Long Blades    | 2 3 4 5 6 7 8 9 10 | 10.8
Fighting       | 4 5 6 7 8 9 10 11 | 11.8
Armour         | 4 5 7 8 9 |  9.3
Dodging        | 3 4 6 8 |  8.8
Shields        | |  2.6

Action                   |  1- 3 |  4- 6 |  7- 9 | 10-12 || total
-------------------------+-------+-------+-------+-------++-------
Melee: Long sword        |    92 |   140 |   251 |   842 ||  1325
       Kick              |       |    33 |    86 |   320 ||   439
       Morningstar       |       |       |       |     9 ||     9
Invok: Berserk           |     2 |     6 |    15 |    26 ||    49
       Brothers in Arms  |       |       |       |     1 ||     1
  Use: Potion            |       |       |     1 |     8 ||     9
       Scroll            |       |       |     7 |     3 ||    10
Armor: Scale mail        |    43 |       |       |       ||    43
       Plate armour      |       |    85 |   153 |   666 ||   904
Dodge: Dodged            |    32 |    24 |    57 |   323 ||   436
Block: Kite shield       |    34 |    62 |   120 |   477 ||   693
       Rpst.: Long sword |    11 |     4 |    15 |    70 ||   100

Table legend: (Time is in decaauts)
 A = Elapsed time spent in this place.
 B = Non-inter-level travel time spent in this place.
 C = Inter-level travel time spent in this place.
 D = Time resting spent in this place.
 E = Time spent auto-exploring this place.
 F = Levels seen in this place.
 G = Mean time per level.
                   A        B        C        D        E       F      G
               +--------+--------+--------+--------+--------+-----+--------+
         Total |  18058 |  17024 |   1034 |   3132 |  10545 |  15 | 1203.9 |
       Dungeon |  16898 |  15864 |   1034 |   2486 |  10425 |  13 | 1299.8 |
          Lair |     42 |     42 |      0 |      0 |      9 |   1 |   42.0 |
        Bailey |   1117 |   1117 |      0 |    645 |    111 |   1 | 1117.0 |
               +--------+--------+--------+--------+--------+-----+--------+

Top non-repeatable levels by time:
    D:11: 2258 daAuts
     D:5: 1752 daAuts
     D:7: 1573 daAuts
    D:10: 1514 daAuts
     D:4: 1509 daAuts
     D:1: 1396 daAuts
    D:12: 1384 daAuts
     D:8: 1275 daAuts
  Bailey: 1117 daAuts
     D:9: 1112 daAuts
     D:2: 1022 daAuts
     D:6: 934 daAuts
     D:3: 700 daAuts
    D:13: 464 daAuts
  Lair:1: 42 daAuts
